 Dungeon Crawl Stone Soup version 0.30-a0-953-g5f1da4a474 (webtiles) character file.

Game seed: 9583677223440242552

387 cforsyth the Cudgeller (level 7, -1/56 HPs)
             Began as a Formicid Fighter on Mar 29, 2023.
             Succumbed to a gnoll's poison
             ... on level 3 of the Dungeon.
             The game lasted 00:03:45 (2837 turns).

cforsyth the Cudgeller (Formicid Fighter)           Turns: 2837, Time: 00:03:45

Health: -1/56      AC: 12    Str: 23    XL:     7   Next: 7%
Magic:  7/7        EV:  7    Int:  7    God:
Gold:   202        SH:  5    Dex: 13    Spells: 6/6 levels left

rFire   . . .      SeeInvis +    a - +0 flail
rCold   . . .      Faith    .    c - +0 buckler
rNeg    . . .      Spirit   .    e - +0 chain mail
rPois   .          Reflect  .    (helmet unavailable)
rElec   .          Rampage  .    m - +2 cloak
rCorr   .                        (no gloves)
Will    .....                    (no boots) Stlth
                                 (no amulet)
HPRegen 0.29/turn                (no ring)
MPRegen 0.10/turn                (no ring)

@: lethally poisoned (-1 -> -22), flying
A: permanent stasis, dig shafts and tunnels, antennae 3, four strong arms
a: Dig, Shaft Self


You were on level 3 of the Dungeon.
You visited 2 branches of the dungeon, and saw 5 of its levels.

You collected 202 gold pieces.

Inventory:

Hand Weapons
 a - a +0 flail (weapon)
Armour
 b - a +0 scale mail
 c - a +0 buckler (worn)
 e - a +0 chain mail (worn)
 m - a +2 cloak (worn)
Jewellery
 l - an amulet of faith
Scrolls
 f - 4 scrolls of identify {unknown}
 i - a scroll of immolation {unknown}
 j - a scroll of magic mapping {unknown}
 k - a scroll of noise {unknown}
Potions
 d - 3 potions of might
 g - a potion of ambrosia {unknown}
 h - a potion of flight


   Skills:
 + Level 5.3 Fighting
 * Level 5.8 Maces & Flails
 - Level 3.2 Armour
 - Level 4.0 Shields


You had 6 spell levels left.
You didn't know any spells.
Your spell library contained the following spells:

 Spells                   Type           Power      Damage    Failure   Level
 Foxfire                  Conj/Fire      0%         2x1d2     99%         1
 Cigotuvi's Dreadful Rot  Necr/Pois/Air  0%         N/A       100%        2
 Lesser Beckoning         Tloc           0%         N/A       100%        2
 Momentum Strike          Conj/Tloc      0%         3d8       100%        2
 Poisonous Vapours        Pois/Air       0%         N/A       100%        2
 Mephitic Cloud           Conj/Pois/Air  0%         N/A       100%        3
 Vhi's Electric Charge    Tloc/Air       0%         N/A       100%        3
 Arcjolt                  Conj/Air       0%         1d10      100%        5
 Fireball                 Conj/Fire      0%         3d3       100%        5
 Starburst                Conj/Fire      0%         6d3       100%        6
 Maxwell's Capacitive Co  Air            0%         ∞         100%        8
 Blink                    Tloc           Unusable   N/A       N/A         2

Dungeon Overview and Level Annotations

Branches:
Dungeon (4/15)             Temple (1/1) D:4

Altars:
Ashenzari
Cheibriados
Dithmenos
Elyvilon
Fedhas
Hepliaklqana
Kikubaaqudgha
Nemelex Xobeh
Okawaru
Qazlal
Sif Muna
Trog
Uskayaw
Vehumet
Wu Jian
Xom
Yredelemnul
The Shining One

Annotations:
D:2 1 runed translucent door, Crazy Yiuf
D:3 2 transporters, DeathPants's ghost, amateur VSGl


Innate Abilities, Weirdness & Mutations

You cannot be hasted, slowed, berserked, paralysed or teleported.
You can dig through walls and to a lower floor.
You have a pair of large antennae on your head. (SInv)
Your four strong arms can wield two-handed weapons with a shield.


Message History

You feel sick. The gnoll closely misses you.
You feel sick. The gnoll attacks as you move away!
You block the gnoll's attack.
You feel sick.
You feel sick.
You feel sick.
You are no longer poisoned.
The gnoll attacks as you move away! The gnoll hits you but does no damage.
You hit the gnoll but do no damage.
The gnoll is lightly wounded.
The gnoll closely misses you.
You barely miss the gnoll.
The gnoll is lightly wounded.
The gnoll hits you with a +0 whip.
* * * LOW HITPOINT WARNING * * *
You barely miss the gnoll.
The gnoll is lightly wounded.
You block the gnoll's attack.
You thump the gnoll!
The gnoll is almost dead.
The gnoll hits you but does no damage.
You hit the gnoll.
You kill the gnoll!
You closely miss the gnoll. The gnoll hits you but does no damage.
You are poisoned.
You hit the gnoll but do no damage.
You feel very sick. The gnoll hits you but does no damage.
You are more poisoned.
The gnoll hits you with a +1 whip of venom.
* * * LOW HITPOINT WARNING * * *
You are more poisoned.
You barely miss the gnoll.
* * * LOW HITPOINT WARNING * * *
You feel extremely sick. You block the gnoll's attack.
It was a potion of flight.
You feel very buoyant.
You fly up into the air.
You die...

#############
#..g@.......# ###
#.#########.# #..
###.### #.# #.# #.....#
#.# #.#
#.....#######.#######.#
#..>..'(..............#
#.....#######.#....####
#.....'..# #.#........
#....)##.## #.#.....###


You could see a gnoll.

Vanquished Creatures
  Sigmund (D:2)
  A scorpion (D:4)
  Terence (D:2)
  An orc wizard (D:3)
  3 adders
  2 gnolls
  3 worms
  3 dart slugs (D:2)
  7 orcs
  4 ball pythons
  7 bats
  An endoplasm (D:3)
  3 giant cockroaches
  7 goblins
  6 hobgoblins
  3 jackals (D:3)
  4 kobolds
  4 quokkas
  2 frilled lizards
  2 rats
65 creatures vanquished.

Notes
Turn   | Place    | Note
-------+----------+-------------------------------------------
     0 | D:1      | cforsyth the Formicid Fighter began the quest for the Orb.
     0 | D:1      | Reached XP level 1. HP: 18/18 MP: 1/1
   378 | D:1      | Reached XP level 2. HP: 24/24 MP: 2/2
   673 | D:2      | Reached XP level 3. HP: 29/30 MP: 3/3
   828 | D:2      | Found a runed translucent door.
   829 | D:2      | Noticed Crazy Yiuf
   953 | D:2      | Noticed Sigmund
   991 | D:1      | Reached XP level 4. HP: 28/37 MP: 4/4
  1035 | D:2      | Killed Sigmund
  1036 | D:2      | Reached XP level 5. HP: 24/43 MP: 5/5
  1036 | D:2      | Reached XP level 6. HP: 28/50 MP: 6/6
  1155 | D:2      | Noticed Terence
  1188 | D:2      | Killed Terence
  1189 | D:2      | Reached skill level 5 in Maces & Flails
  1407 | D:3      | Found a transporter.
  1410 | D:3      | Noticed DeathPants's ghost (amateur VSGl)
  1411 | D:3      | Found a transporter.
  1506 | D:3      | Reached skill level 5 in Fighting
  1526 | D:3      | Found a hazy altar of Hepliaklqana.
  1529 | D:3      | Found an ornate altar of the Wu Jian Council.
  1530 | D:3      | Found a shimmering blue altar of Sif Muna.
  1530 | D:3      | Found a blossoming altar of Fedhas.
  2135 | D:4      | Found a staircase to the Ecumenical Temple.
  2189 | Temple   | Entered the Ecumenical Temple
  2501 | D:4      | Reached XP level 7. HP: 54/56 MP: 7/7
  2837 | D:3      | Succumbed to a gnoll's poison

Illustrated notes

Levels and vault maps discovered:
D:1:      amcnicky_arrival_underground_garden, layout_basic,
          chequers_serial_rivers_large_b
D:2:      layout_basic, dk_noncrumbling_2, uniq_crazy_yiuf_cottage,
          uniq_sigmund, uniq_terence
D:3:      layout_basic, grunt_temple_overflow_open, gammafunk_ghost_mausoleum
D:4:      minmay_inner_zag, layout_layer_cave, nicolae_overflow_crystal_walls,
          minmay_temple_entry_ruins
Temple:   nicolae_temple_bog_church

Skill      XL: |  1  2  3  4  5  6 |
---------------+-------------------+-----
Maces & Flails | 3 4 5 |  5.8
Fighting       | 4 5 |  5.3
Armour         | |  3.2
Shields        | |  4.0

Action                     |  1- 3 |  4- 6 |  7- 9 || total
---------------------------+-------+-------+-------++-------
  Melee: Flail             |    66 |   139 |    34 ||   239
    Use: Potion            |       |       |     1 ||     1
 Armour: Chain mail        |    36 |   101 |    21 ||   158
  Dodge: Dodged            |    18 |    79 |    11 ||   108
  Block: Buckler           |    16 |    45 |    10 ||    71

Table legend: (Time is in decaauts)
 A = Elapsed time spent in this place.
 B = Non-inter-level travel time spent in this place.
 C = Inter-level travel time spent in this place.
 D = Time resting spent in this place.
 E = Time spent auto-exploring this place.
 F = Levels seen in this place.
 G = Mean time per level.
                   A        B        C        D        E       F      G
               +--------+--------+--------+--------+--------+-----+--------+
         Total |   2917 |   2828 |     89 |    155 |   1985 |   5 |  583.4 |
       Dungeon |   2714 |   2651 |     63 |    155 |   1821 |   4 |  678.5 |
        Temple |    202 |    176 |     26 |      0 |    164 |   1 |  202.0 |
               +--------+--------+--------+--------+--------+-----+--------+

Top non-repeatable levels by time:
     D:2: 846 daAuts
     D:3: 703 daAuts
     D:1: 604 daAuts
     D:4: 559 daAuts
  Temple: 202 daAuts
